| TOP OF THE 1ST |
|
Bowie Baysox batting - Pitching for Portland Sea Dogs : RHP Jon Mercado
|
|
Pitching: RHP Jon Mercado
|
|
|
Batting: RHB Jeremy Sipe
|
0-0: Ball 1-0: Called Strike 1-1: Ball 2-1: Ball 3-1: Called Strike 3-2: Fly out, F8 (Flyball, 8LM, EV 90.0 MPH)
|
|
Batting: LHB Rodolfo Montes
|
0-0: Called Strike 0-1: Foul Ball, location: 2F 0-2: Ball 1-2: Ball 2-2: Strikes out looking
|
|
Batting: RHB Danny Merrill
|
0-0: Called Strike 0-1: Swinging Strike 0-2: Strikes out swinging
|
| Top of the 1st over - 0 runs, 0 hits, 0 errors, 0 left on base; Bowie 0 - Portland 0 |
| BOTTOM OF THE 1ST |
|
Portland Sea Dogs batting - Pitching for Bowie Baysox : RHP Dave Reisinger
|
|
Pitching: RHP Dave Reisinger
|
|
|
Batting: LHB Julian Toney
|
0-0: Called Strike 0-1: Ball 1-1: Ball 2-1: Ball 3-1: Called Strike 3-2: Base on Balls
|
|
Batting: LHB Brent Albertson
|
0-0: Foul Ball, location: 2F 0-1: Called Strike 0-2: Reached on error, E4 (Groundball, 34, EV 82.5 MPH) Julian Toney to second
|
|
Batting: RHB Carlos Nolasco
|
0-0: Called Strike Julian Toney steals 3rd base (no throw) 0-1: Ball 1-1: Fly out, F8 (Line Drive, 8RM, EV 85.0 MPH) Runner from 3rd tags up, SCORES, no throw by CF
|
|
Batting: LHB Parker Lowe
|
0-0: Ball 1-0: Called Strike 1-1: Ball 2-1: Called Strike 2-2: Foul Ball, location: 2F 2-2: Foul Ball, location: 2F 2-2: Foul Ball, location: 2F 2-2: Fly out, F8 (Flyball, 8LM, EV 95.6 MPH)
|
|
Batting: LHB John Bailey
|
0-0: Swinging Strike 0-1: Ball 1-1: Fly out, F5 (Popup, 56S, EV 65.6 MPH)
|
| Bottom of the 1st over - 1 run, 0 hits, 1 error, 1 left on base; Bowie 0 - Portland 1 |
| TOP OF THE 2ND |
|
Bowie Baysox batting - Pitching for Portland Sea Dogs : RHP Jon Mercado
|
|
Batting: RHB Vince Jackson
|
0-0: Ball 1-0: Called Strike 1-1: Ground out 4-3 (Groundball, 4MD, EV 103.8 MPH)
|
|
Batting: LHB Justin Alworth
|
0-0: Fly out, F5 (Popup, 56S, EV 68.1 MPH)
|
|
Batting: RHB Julio Ehm
|
0-0: Ball 1-0: Foul Ball, location: 2F 1-1: Called Strike 1-2: Foul Ball, location: 2F 1-2: Strikes out looking
|
| Top of the 2nd over - 0 runs, 0 hits, 0 errors, 0 left on base; Bowie 0 - Portland 1 |
| BOTTOM OF THE 2ND |
|
Portland Sea Dogs batting - Pitching for Bowie Baysox : RHP Dave Reisinger
|
|
Batting: RHB Nate Dickinson
|
0-0: Ball 1-0: Foul Ball, location: 2F 1-1: Ball 2-1: SINGLE (Line Drive, 9S, EV 99.4 MPH)
|
|
Batting: LHB Dave Reyes
|
0-0: Fly out, F9 (Flyball, 9S, EV 81.9 MPH)
|
|
Batting: RHB Joe Evrard
|
0-0: Ball 1-0: Ball 2-0: Ball Nate Dickinson steals 2nd, throwing error, E2 Nate Dickinson to third 3-0: Base on Balls
|
|
Batting: LHB Arcot Ramathorn
|
0-0: SINGLE (Line Drive, 6M, EV 94.4 MPH) Nate Dickinson scores Joe Evrard to second
|
|
Batting: LHB Julian Toney
|
0-0: Foul Ball, location: 2F 0-1: Ball 1-1: Ball 2-1: Ball 3-1: Base on Balls Joe Evrard to third Arcot Ramathorn to second
|
|
Batting: LHB Brent Albertson
|
0-0: Called Strike 0-1: Ball 1-1: Fielders Choice at 2nd, 3-6 (Groundball, 3, EV 88.1 MPH) Joe Evrard scores Arcot Ramathorn to third
|
|
Batting: RHB Carlos Nolasco
|
0-0: Ball 1-0: Ball 2-0: Foul Ball, location: 2F 2-1: Foul Ball, location: 2F 2-2: Foul Ball, location: 2F 2-2: Ball 3-2: Strikes out swinging
|
| Bottom of the 2nd over - 2 runs, 2 hits, 1 error, 2 left on base; Bowie 0 - Portland 3 |
| TOP OF THE 3RD |
|
Bowie Baysox batting - Pitching for Portland Sea Dogs : RHP Jon Mercado
|
|
Batting: SHB Eric Tiehen
|
0-0: Ball 1-0: Ball 2-0: Ground out 6-3 (Groundball, 6, EV 83.1 MPH)
|
|
Batting: LHB Antonio Cantu
|
0-0: Ball 1-0: Ball 2-0: Foul Ball, location: 2F 2-1: Ball 3-1: Base on Balls
|
|
Batting: RHB Kaleb Yerger
|
0-0: Ball 1-0: Swinging Strike 1-1: Swinging Strike 1-2: Foul Ball, location: 2F 1-2: Strikes out swinging
|
|
Batting: RHB Jeremy Sipe
|
0-0: Ball 1-0: Ball 2-0: Foul Ball, location: 2F 2-1: TRIPLE (Line Drive, 89XD, EV 103.8 MPH) Antonio Cantu scores
|
|
Batting: LHB Rodolfo Montes
|
0-0: Ground out 4-3 (Groundball, 4, EV 98.8 MPH)
|
| Top of the 3rd over - 1 run, 1 hit, 0 errors, 1 left on base; Bowie 1 - Portland 3 |
| BOTTOM OF THE 3RD |
|
Portland Sea Dogs batting - Pitching for Bowie Baysox : RHP Dave Reisinger
|
|
Batting: LHB Parker Lowe
|
0-0: Foul Ball, location: 2F 0-1: Ball 1-1: Ball 2-1: Ball 3-1: Called Strike 3-2: Fly out, F8 (Flyball, 8RM, EV 95.0 MPH)
|
|
Batting: LHB John Bailey
|
0-0: Ball 1-0: Swinging Strike 1-1: Foul Ball, location: 2F 1-2: Ball 2-2: Foul Ball, location: 2F 2-2: Foul Ball, location: 2F 2-2: Ball 3-2: Foul Ball, location: 2F 3-2: Base on Balls
|
|
Batting: RHB Nate Dickinson
|
0-0: Called Strike 0-1: Ball 1-1: Ball 2-1: Ball 3-1: Base on Balls John Bailey to second
|
|
Batting: LHB Dave Reyes
|
0-0: Fielders Choice at 2nd, 4-6 (Groundball, 4, EV 85.0 MPH) John Bailey to third
|
|
Batting: RHB Joe Evrard
|
0-0: Ball 1-0: Ball 2-0: Foul Ball, location: 2F 2-1: Fly out, F4 (Line Drive, 4, EV 71.9 MPH)
|
| Bottom of the 3rd over - 0 runs, 0 hits, 0 errors, 2 left on base; Bowie 1 - Portland 3 |
| TOP OF THE 4TH |
|
Bowie Baysox batting - Pitching for Portland Sea Dogs : RHP Jon Mercado
|
|
Batting: RHB Danny Merrill
|
0-0: Ball 1-0: Foul Ball, location: 2F 1-1: Swinging Strike 1-2: Strikes out swinging
|
|
Batting: RHB Vince Jackson
|
0-0: Ball 1-0: Ball 2-0: Ball 3-0: Called Strike 3-1: Called Strike 3-2: Base on Balls
|
|
Batting: LHB Justin Alworth
|
0-0: Fielders Choice at 2nd, 6-4 (Groundball, 6, EV 86.9 MPH)
|
|
Batting: RHB Julio Ehm
|
0-0: Foul Ball, location: 2F 0-1: Ball 1-1: Ball 2-1: Foul Ball, location: 2F 2-2: Strikes out swinging
|
| Top of the 4th over - 0 runs, 0 hits, 0 errors, 1 left on base; Bowie 1 - Portland 3 |
| BOTTOM OF THE 4TH |
|
Portland Sea Dogs batting - Pitching for Bowie Baysox : RHP Dave Reisinger
|
|
Batting: LHB Arcot Ramathorn
|
0-0: Called Strike 0-1: Called Strike 0-2: Foul Ball, location: 2F 0-2: Foul Ball, location: 2F 0-2: Ball 1-2: Ball 2-2: Ball 3-2: Fly out, F8 (Line Drive, 8LD, EV 92.5 MPH)
|
|
Batting: LHB Julian Toney
|
0-0: Ball 1-0: Ball 2-0: Ball 3-0: Called Strike 3-1: Foul Ball, location: 2F 3-2: Base on Balls
|
|
Batting: LHB Brent Albertson
|
0-0: Ground out 5-3 (Groundball, 5S, EV 71.3 MPH) Julian Toney to second
|
|
Batting: RHB Carlos Nolasco
|
0-0: Ball 1-0: Ground out 6-3 (Groundball, 6, EV 86.3 MPH)
|
| Bottom of the 4th over - 0 runs, 0 hits, 0 errors, 1 left on base; Bowie 1 - Portland 3 |
| TOP OF THE 5TH |
|
Bowie Baysox batting - Pitching for Portland Sea Dogs : RHP Jon Mercado
|
|
Batting: SHB Eric Tiehen
|
0-0: Fly out, F8 (Flyball, 8LXD, EV 97.5 MPH)
|
|
Batting: LHB Antonio Cantu
|
0-0: Ball 1-0: Ball 2-0: Ground out 6-3 (Groundball, 4MD, EV 102.5 MPH)
|
|
Batting: RHB Kaleb Yerger
|
0-0: Ball 1-0: Foul Ball, location: 2F 1-1: Ball 2-1: Ball 3-1: Called Strike 3-2: Foul Ball, location: 2F 3-2: SINGLE (Line Drive, 34D, EV 96.9 MPH)
|
|
Batting: RHB Jeremy Sipe
|
0-0: Fly out, F9 (Flyball, 89M, EV 94.4 MPH)
|
| Top of the 5th over - 0 runs, 1 hit, 0 errors, 1 left on base; Bowie 1 - Portland 3 |
| BOTTOM OF THE 5TH |
|
Portland Sea Dogs batting - Pitching for Bowie Baysox : RHP Dave Reisinger
|
|
Batting: LHB Parker Lowe
|
0-0: Ball 1-0: Ball 2-0: Ball 3-0: Base on Balls
|
|
Batting: LHB John Bailey
|
0-0: Fly out, F8 (Line Drive, 8LM, EV 103.1 MPH)
|
|
Pitching: RHP Toshiyuki Funaki
|
|
|
Batting: RHB Nate Dickinson
|
0-0: Called Strike 0-1: Foul Ball, location: 2F 0-2: Ball 1-2: Ball 2-2: Grounds into double play, 6-4-3 (Groundball, 6, EV 100.6 MPH)
|
| Bottom of the 5th over - 0 runs, 0 hits, 0 errors, 0 left on base; Bowie 1 - Portland 3 |
| TOP OF THE 6TH |
|
Bowie Baysox batting - Pitching for Portland Sea Dogs : RHP Jon Mercado
|
|
Batting: LHB Rodolfo Montes
|
0-0: Ball 1-0: Fly out, F6 (Flyball, 56D, EV 93.8 MPH)
|
|
Batting: RHB Danny Merrill
|
0-0: Called Strike 0-1: Foul Ball, location: 2F 0-2: Ball 1-2: Strikes out swinging
|
|
Batting: RHB Vince Jackson
|
0-0: Called Strike 0-1: SINGLE (Line Drive, 34D, EV 98.8 MPH)
|
|
Batting: LHB Justin Alworth
|
0-0: Called Strike 0-1: Called Strike 0-2: Ball 1-2: Strikes out swinging
|
| Top of the 6th over - 0 runs, 1 hit, 0 errors, 1 left on base; Bowie 1 - Portland 3 |
| BOTTOM OF THE 6TH |
|
Portland Sea Dogs batting - Pitching for Bowie Baysox : RHP Toshiyuki Funaki
|
|
Batting: LHB Dave Reyes
|
0-0: Called Strike 0-1: Swinging Strike 0-2: Strikes out swinging
|
|
Batting: RHB Joe Evrard
|
0-0: Called Strike 0-1: SINGLE (Line Drive, 7LS, EV 91.9 MPH)
|
|
Batting: LHB Arcot Ramathorn
|
0-0: Ball 1-0: Ball 2-0: Foul Ball, location: 2F 2-1: Foul Ball, location: 2F 2-2: Fly out, F8 (Flyball, 8RXD, EV 97.5 MPH)
|
|
Batting: LHB Julian Toney
|
0-0: Called Strike 0-1: SINGLE (Line Drive, 89M, EV 98.1 MPH) Joe Evrard to second
|
|
Batting: LHB Brent Albertson
|
0-0: Called Strike 0-1: Ball 1-1: Ball Balk! Joe Evrard to third Julian Toney to second 2-1: SINGLE (Groundball, 4MD, EV 105.0 MPH) Joe Evrard scores Julian Toney to third Runner from 3rd tries for Home, SAFE, throw by CF to home
|
|
Batting: RHB Carlos Nolasco
|
0-0: Foul Ball, location: 2F 0-1: Called Strike Brent Albertson steals 2nd base 0-2: Strikes out swinging
|
| Bottom of the 6th over - 2 runs, 3 hits, 0 errors, 1 left on base; Bowie 1 - Portland 5 |
| TOP OF THE 7TH |
|
Bowie Baysox batting - Pitching for Portland Sea Dogs : RHP Jon Mercado
|
|
Batting: RHB Julio Ehm
|
0-0: Called Strike 0-1: Ball 1-1: Swinging Strike 1-2: Foul Ball, location: 2F 1-2: Foul Ball, location: 2F 1-2: Strikes out swinging
|
|
Batting: SHB Eric Tiehen
|
0-0: Ball 1-0: Ground out 6-3 (Groundball, 6M, EV 81.3 MPH)
|
|
Batting: LHB Antonio Cantu
|
0-0: Ground out 5-3 (Groundball, 56, EV 83.8 MPH)
|
| Top of the 7th over - 0 runs, 0 hits, 0 errors, 0 left on base; Bowie 1 - Portland 5 |
| BOTTOM OF THE 7TH |
|
Portland Sea Dogs batting - Pitching for Bowie Baysox : RHP Toshiyuki Funaki
|
|
Batting: LHB Parker Lowe
|
0-0: Ball 1-0: Fly out, F9 (Line Drive, 9D, EV 92.5 MPH)
|
|
Batting: LHB John Bailey
|
0-0: Called Strike 0-1: Ball 1-1: SINGLE (Groundball, 4D, EV 98.8 MPH)
|
|
Batting: RHB Nate Dickinson
|
Pickoff Throw to First - Error! E1 John Bailey to second 0-0: Swinging Strike 0-1: Swinging Strike 0-2: Foul Ball, location: 2F 0-2: Ball 1-2: Ball 2-2: Ball 3-2: SINGLE (Line Drive, 78M, EV 111.9 MPH) John Bailey to third Runner from 3rd tries for Home, SAFE, throw by CF to home
|
|
Pitching: RHP Jon Juarez
|
|
|
Batting: LHB Dave Reyes
|
0-0: Ball Nate Dickinson steals 2nd base (no throw) 1-0: Foul Ball, location: 2F 1-1: Fly out, F8 (Flyball, 8RD, EV 96.9 MPH)
|
|
Batting: RHB Joe Evrard
|
0-0: Ground out 1-3 (Groundball, 34S, EV 66.3 MPH)
|
| Bottom of the 7th over - 1 run, 2 hits, 1 error, 1 left on base; Bowie 1 - Portland 6 |
| TOP OF THE 8TH |
|
Bowie Baysox batting - Pitching for Portland Sea Dogs : RHP Jon Mercado
|
|
Pitching: RHP Toichi Komata
|
|
|
Batting: RHB Kaleb Yerger
|
0-0: Called Strike 0-1: Foul Ball, location: 2F 0-2: Ball 1-2: Foul Ball, location: 2F 1-2: Foul Ball, location: 2F 1-2: Fly out, F7 (Line Drive, 7, EV 85.6 MPH)
|
|
Batting: RHB Jeremy Sipe
|
0-0: Called Strike 0-1: Ground out 3-1 (Groundball, 13, EV 88.8 MPH)
|
|
Batting: LHB Rodolfo Montes
|
0-0: Ball 1-0: Called Strike 1-1: Swinging Strike 1-2: DOUBLE (Groundball, 5D, EV 110.6 MPH)
|
|
Batting: RHB Danny Merrill
|
0-0: Ball 1-0: Foul Ball, location: 2F 1-1: Ball 2-1: Foul Ball, location: 2F 2-2: Ball 3-2: Base on Balls
|
|
Batting: RHB Vince Jackson
|
0-0: Ball 1-0: SINGLE (Groundball, 4D, EV 104.4 MPH) Rodolfo Montes to third Danny Merrill to second Runner from 3rd tries for Home, SAFE, throw by CF to home
|
|
Batting: LHB Justin Alworth
|
0-0: Ball 1-0: Called Strike 1-1: DOUBLE (Flyball, 8LXD, EV 91.3 MPH) Danny Merrill scores Vince Jackson to third Runner from 3rd tries for Home, SAFE, no throw by CF
|
|
Pitching: LHP Josh Taylor
|
|
|
Batting: RHB Julio Ehm
|
0-0: Fly out, F8 (Flyball, 8LXD, EV 84.4 MPH)
|
| Top of the 8th over - 3 runs, 3 hits, 0 errors, 1 left on base; Bowie 4 - Portland 6 |
| BOTTOM OF THE 8TH |
|
Portland Sea Dogs batting - Pitching for Bowie Baysox : RHP Jon Juarez
|
|
Batting: LHB Arcot Ramathorn
|
0-0: Ball 1-0: Ball 2-0: Called Strike 2-1: Foul Ball, location: 2F 2-2: Ball 3-2: Strikes out swinging
|
|
Batting: LHB Julian Toney
|
0-0: Called Strike 0-1: Foul Ball, location: 2F 0-2: Foul Ball, location: 2F 0-2: Strikes out swinging
|
|
Batting: LHB Brent Albertson
|
0-0: SINGLE (Groundball, 4M, EV 83.1 MPH) (infield hit)
|
|
Batting: RHB Carlos Nolasco
|
0-0: Called Strike 0-1: Ball 1-1: Ball 2-1: Ground out 3-1 (Groundball, 34S, EV 70.0 MPH)
|
| Bottom of the 8th over - 0 runs, 1 hit, 0 errors, 1 left on base; Bowie 4 - Portland 6 |
| TOP OF THE 9TH |
|
Bowie Baysox batting - Pitching for Portland Sea Dogs : LHP Josh Taylor
|
|
Pitching: RHP Michael Vazquez
|
|
|
Batting: SHB Eric Tiehen
|
0-0: Foul Ball, location: 2F 0-1: Foul Ball, location: 2F 0-2: Strikes out swinging
|
|
Batting: LHB Antonio Cantu
|
0-0: Called Strike 0-1: Foul Ball, location: 2F 0-2: Strikes out looking
|
|
Batting: RHB Kaleb Yerger
|
0-0: Called Strike 0-1: Ball 1-1: Ball 2-1: Swinging Strike 2-2: Foul Ball, location: 2F 2-2: Foul Ball, location: 2F 2-2: Strikes out swinging
|
| Top of the 9th over - 0 runs, 0 hits, 0 errors, 0 left on base; Bowie 4 - Portland 6 |
|